 Dungeon Crawl Stone Soup version 0.26-a0-154-g3d63440f56 (webtiles) character file.

Game seed: 6317656408250589435

938 Flugslaktarn the Frost Mage (level 8, -7/37 HPs)
             Began as a Vine Stalker Ice Elementalist on June 30, 2020.
             Was a Believer of Makhleb.
             Mangled by a centaur (8 damage)
             ... on level 5 of the Dungeon.
             The game lasted 00:06:55 (1204 turns).

Flugslaktarn the Frost Mage (VSIE)                  Turns: 1204, Time: 00:06:55

Health: -7/37      AC:  5    Str: 12    XL:     8   Next: 12%
Magic:  0/15       EV: 12    Int: 17    God:    Makhleb [**....]
Gold:   178        SH:  0    Dex: 14    Spells: 8/16 levels left

rFire    . . .     SeeInvis .   x - +2 falchion (vorpal)
rCold    . . .     Faith    .   (no shield)
rNeg     . . .     Spirit   +   a - +0 robe
rPois    +         Reflect  .   v - +0 helmet
rElec    .         Harm     .   h - +0 cloak
rCorr    +                      f - +0 pair of gloves (curse)
MR       +....                  (no boots)
Stlth    ++........             (no amulet)
HPRegen  0.52/turn              n - ring of poison resistance
MPRegen  0.14/turn              t - ring of resist corrosion

@: frozen ramparts, flying
A: fangs 3, regeneration 1, magic shield, antimagic bite, no potion heal 3, rot
immunity
a: Minor Destruction, Renounce Religion


You were on level 5 of the Dungeon.
You worshipped Makhleb.
Makhleb was pleased with you.
You were not hungry.

You visited 1 branch of the dungeon, and saw 5 of its levels.

You collected 178 gold pieces.

Inventory:

Hand Weapons
 e - a +0 dagger
   (You took it off a kobold on level 1 of the Dungeon)
 p - a +0 trident
   (You took it off an orc on level 4 of the Dungeon)
 q - a +0 vampiric short sword
   (You took it off an orc on level 4 of the Dungeon)
 w - a +2 dagger of holy wrath
   (You took it off a goblin on level 4 of the Dungeon)
 x - a +2 vorpal falchion (weapon)
   (You took it off an orc on level 4 of the Dungeon)
Missiles
 r - 4 boomerangs (quivered)
Armour
 a - a +0 robe (worn)
 f - a cursed +0 pair of gloves (worn)
   (You found it on level 1 of the Dungeon)
 h - a +0 cloak (worn)
   (You found it on level 2 of the Dungeon)
 v - a +0 helmet (worn)
   (You took it off Robin on level 4 of the Dungeon)
Jewellery
 n - a ring of poison resistance (left hand)
   (You found it on level 3 of the Dungeon)
 t - a ring of resist corrosion (right hand)
   (You found it on level 4 of the Dungeon)
Wands
 g - a wand of enslavement (13)
   (You found it on level 5 of the Dungeon)
 s - a wand of iceblast (6)
   (You found it on level 4 of the Dungeon)
Scrolls
 b - 2 scrolls of teleportation {unknown}
 d - a scroll of enchant armour {unknown}
 i - a scroll of immolation {unknown}
 j - a scroll of fog {unknown}
 o - a scroll of remove curse {unknown}
 u - a scroll of fear {unknown}
 y - a scroll of identify {unknown}
Potions
 k - a potion of lignification {unknown}
 m - a potion of heal wounds {unknown}
Comestibles
 c - 8 rations


   Skills:
 + Level 1.6 Fighting
 + Level 2.2 Dodging
 - Level 2.4 Stealth
 + Level 4.5 Spellcasting
 + Level 1.8 Summonings
 + Level 8.2 Ice Magic


You had 8 spell levels left.
You knew the following spells:

 Your Spells              Type           Power        Failure   Level  Hunger
a - Freeze                Ice            ####         1%          1    None
b - Frozen Ramparts       Ice            ####..       1%          3    ###....
c - Summon Ice Beast      Ice/Summ       ###.....     19%         4    ####...

Your spell library contained the following spells:

 Spells                   Type           Power        Failure   Level  Hunger
 Ozocubu's Armour         Chrm/Ice       ###.....     9%          3    ###....
 Hailstorm                Conj/Ice       ###.....     26%         4    ####...


Dungeon Overview and Level Annotations

Branches:
Dungeon (5/15)
 Temple: D:4-7

Altars:
Makhleb


Innate Abilities, Weirdness & Mutations

You have razor-sharp teeth.
Your natural rate of healing is unusually fast.
When hurt, damage is shared between your health and your magic reserves.
Your bite disrupts and absorbs the magic of your enemies.
Potions cannot restore your health.
You are immune to rotting.


Message History

Found a stone staircase leading up.
The frozen ramparts melt away.
Found a stone staircase leading down.
Found a glowing short sword.
A centaur comes into view.
The centaur shouts!
You hear an angry hiss.
The centaur wields a +0 shortbow.
The centaur shoots an arrow.
The arrow hits you!
You see here an arrow.
An ogre comes into view. It is wielding a +0 giant spiked club.
The centaur shoots an arrow.
The arrow hits you.
The ogre moves out of view.
An iguana comes into view.
Found a leather armour.
A centaur comes into view.
The centaur shouts!
The ogre shouts!
The centaur wields a +0 shortbow.
The centaur shoots an arrow.
The arrow barely misses you.
The centaur shoots an arrow.
The arrow hits you.
Found a robe.
You see here an arrow.
Okay, then.
It was a potion of flight.
You feel very buoyant.
You fly up into the air.
The centaur shoots an arrow.
The arrow hits you!
* * * LOW HITPOINT WARNING * * *
The centaur shoots an arrow.
The arrow hits you!
* * * LOW HITPOINT WARNING * * *
Unknown command.
The centaur shoots an arrow.
The arrow completely misses you.
You see here an arrow.
Unknown command.
The centaur shoots an arrow.
The arrow hits you!
* * * LOW HITPOINT WARNING * * *
You see here an arrow.
Casting: Frozen Ramparts (safe; 1% risk of failure)
Confirm with . or Enter, or press ? or * to list all spells.
You don't have enough magic to cast that spell.
You hit the centaur. You bite the centaur. You drain its power.
You feel invigorated.
The centaur is moderately wounded.
The centaur unwields a +0 shortbow.
The centaur hits you.
* * * LOW HITPOINT WARNING * * *
The centaur hits you.
Casting: Frozen Ramparts (safe; 1% risk of failure)
Confirm with . or Enter, or press ? or * to list all spells.
The walls around you are covered in ice.
The iguana bites you.
* * * LOW HITPOINT WARNING * * *
The wall freezes the centaur but do no damage.
The centaur hits you!
You die...

.........[..###
........#....[
#........#....# #.
##........)....#.c.
..................
...........O.....
...........lc#..#
............@#(.## .
.............(...# ........
......<....(..#..............
...(..........#..............
#...............>.........>..
.............##..............
#...........## .....##.......
#.##........##......# #......
#..................##......


You could see an ogre, a centaur and an iguana.

Vanquished Creatures
  Grinder (D:5)
  An ogre (D:4)
  A centaur (D:5)
  A hound (D:2)
  2 bullfrog skeletons
  5 orc wizards
  Jessica (D:3)
  2 iguanas
  4 worker ants
  A howler monkey zombie (D:5)
  Robin (D:4)
  5 adders
  3 gnolls (D:4)
  A howler monkey skeleton (D:4)
  An ooze (D:5)
  An adder skeleton (D:4)
  A leopard gecko (D:4)
  22 orcs
  A ball python (D:5)
  2 giant cockroaches
  12 goblins
  5 hobgoblins
  4 kobolds
  2 quokkas
  6 bats
  2 frilled lizards
  A rat (D:2)
89 creatures vanquished.

Vanquished Creatures (others)
  An iguana (D:5)
  A leopard gecko zombie (D:5)
2 creatures vanquished.

Grand Total: 91 creatures vanquished

Notes
Turn   | Place    | Note
-------+----------+-------------------------------------------
     0 | D:1      | Flugslaktarn the Vine Stalker Ice Elementalist began the
                  | quest for the Orb.
     0 | D:1      | Reached XP level 1. HP: 9/9 MP: 4/4
   102 | D:1      | Reached XP level 2. HP: 13/13 MP: 1/6
   276 | D:3      | Reached XP level 3. HP: 16/16 MP: 1/8
   288 | D:3      | Learned a level 3 spell: Frozen Ramparts
   295 | D:3      | Noticed Jessica
   326 | D:3      | Killed Jessica
   326 | D:3      | Gained mutation: Your natural rate of healing is unusually
                  | fast. [Vine Stalker growth]
   326 | D:3      | Reached XP level 4. HP: 12/21 MP: 0/10
   399 | D:2      | Found a burning altar of Makhleb.
   404 | D:2      | Reached skill level 5 in Ice Magic
   409 | D:2      | Became a worshipper of Makhleb the Destroyer
   504 | D:4      | Reached XP level 5. HP: 13/24 MP: 4/12
   560 | D:4      | Noticed an ogre
   572 | D:4      | Killed an ogre
   572 | D:4      | Reached skill level 6 in Ice Magic
   572 | D:4      | Reached XP level 6. HP: 28/28 MP: 2/13
   630 | D:4      | Noticed Robin
   631 | D:4      | Reached * piety under Makhleb
   634 | D:4      | Killed Robin
   634 | D:4      | Reached skill level 7 in Ice Magic
   722 | D:4      | Learned a level 4 spell: Summon Ice Beast
   771 | D:4      | Reached XP level 7. HP: 32/32 MP: 14/14
   890 | D:5      | Entered Level 5 of the Dungeon
   988 | D:5      | Reached skill level 8 in Ice Magic
   988 | D:5      | Noticed Grinder
  1046 | D:5      | Paralysed by Grinder for 7 turns
  1062 | D:5      | Paralysed by Grinder for 3 turns
  1068 | D:5      | Reached ** piety under Makhleb
  1074 | D:5      | Killed Grinder
  1074 | D:5      | Reached skill level 1 in Fighting
  1074 | D:5      | Reached skill level 1 in Summonings
  1074 | D:5      | Gained mutation: You have razor-sharp teeth. [Vine Stalker
                  | growth]
  1074 | D:5      | Reached XP level 8. HP: 37/37 MP: 7/15
  1202 | D:5      | HP: 1/37 [centaur/arrow (6)]
  1204 | D:5      | Mangled by a centaur

Illustrated notes

Levels and vault maps discovered:
D:1:      minmay_arrival_three_doors, layout_loops_ring
D:2:      layout_loops_ring, serial_bayou, serial_bayou_pond_d,
          serial_bayou_pond_c, serial_bayou_shore_a, serial_bayou_lagoon_a,
          makhleb_blood_cavern_becter
D:3:      layout_loops_cross, uniq_jessica, uniq_terence, uniq_ijyb
D:4:      layout_basic, first_ration, uniq_robin
D:5:      layout_cave_pools, lemuel_temple_firewalk_b,
          kennysheep_generic_room_11, uniq_grinder

Skill      XL: |  1  2  3  4  5  6  7 |
---------------+----------------------+-----
Spellcasting   | 3 4 |  4.5
Ice Magic      | 5 6 7 8 |  8.2
Fighting       | 1 |  1.6
Dodging        | 2 |  2.2
Summonings     | 1 |  1.8
Stealth        | |  2.4

Action                   |  1- 3 |  4- 6 |  7- 9 || total
-------------------------+-------+-------+-------++-------
Melee: Unarmed           |    12 |       |       ||    12
       Bite              |     4 |     7 |    16 ||    27
       Dagger            |    11 |     8 |       ||    19
       Trident           |       |    20 |       ||    20
       Falchion          |       |     5 |    34 ||    39
 Cast: Freeze            |    22 |     8 |     3 ||    33
       Frozen Ramparts   |     1 |     8 |    11 ||    20
  Use: Scroll            |     1 |       |       ||     1
       Potion            |       |       |     2 ||     2
 Stab: Sleeping          |     1 |     1 |     1 ||     3
       Distracted        |       |     1 |       ||     1
  Eat: Ration            |       |       |     1 ||     1
Armor: Robe              |    15 |     7 |     6 ||    28
Dodge: Dodged            |    38 |    36 |    43 ||   117
       Rpst.: Falchion   |       |     2 |    13 ||    15

Table legend:
 A = Non-vault XP
 B = Vault XP
 C = Vault XP percentage of total XP
 D = Non-vault monster count
 E = Vault monster count
 F = Vault count percentage of total count
                 A         B        C        D         E       F
            +---------+---------+-------+---------+---------+-------
      Total |     966 |     374 |  27.9 |      74 |      15 |  16.9
            +---------+---------+-------+---------+---------+-------
        D:1 |      14 |       0 |   0.0 |       9 |       0 |   0.0
        D:2 |      21 |      43 |  67.2 |       7 |       1 |  12.5
        D:3 |      28 |      37 |  56.9 |       8 |       1 |  11.1
        D:4 |     599 |      36 |   5.7 |      34 |      12 |  26.1
        D:5 |     304 |     258 |  45.9 |      16 |       1 |   5.9
            +---------+---------+-------+---------+---------+-------
